 Dungeon Crawl Stone Soup version 0.22-a0-441-gcf5b0c6 (webtiles) character file.

7252 Firecrotchwizard the Carver (level 10, -6/138 HPs)
             Began as a Minotaur Berserker on May 31, 2018.
             Was a High Priest of Trog.
             Mangled by Urug
             ... wielding a +4 eveningstar of flaming
              (7 damage)
             ... on level 10 of the Dungeon.
             The game lasted 00:16:50 (9994 turns).

Firecrotchwizard the Carver (Minotaur Berserker)    Turns: 9994, Time: 00:16:51

Health: -6/138     AC: 25    Str: 20 (23) XL:     10   Next: 88%
Magic:  9/9        EV:  2    Int:  3 (4)  God:    Trog [*****.]
Gold:   179        SH:  0    Dex: 14 (16) Spells: 9/9 levels left

rFire    . . .     SeeInvis .   E - +0 scimitar
rCold    . . .     Gourm    .   (no shield)
rNeg     + + +     Faith    +   (armour currently unavailable)
rPois    +         Spirit   .   (helmet currently unavailable)
rElec    .         Reflect  .   (cloak currently unavailable)
rCorr    .         Harm     .   (gloves currently unavailable)
MR       .....     NoTele   +   (boots currently unavailable)
Stlth    +.........             u - amulet of faith {Faith, !P}
HPRegen  0.33/turn              s - ring of poison resistance {rPois, !d}
MPRegen  0.11/turn              z - +4 ring of dexterity

@: lethally poisoned (-6 -> -6), tree-form
A: (retaliatory headbutt)
a: Berserk, Trog's Hand, Brothers in Arms, Renounce Religion


You were on level 10 of the Dungeon.
You worshipped Trog.
Trog was extremely pleased with you.
You were not hungry.
You were a tree.
You visited 1 branch of the dungeon, and saw 10 of its levels.

You collected 659 gold pieces.
You spent 480 gold pieces at shops.

Inventory:

Hand Weapons
 b - a +2 flail of holy wrath
   (You took it off a gnoll on level 9 of the Dungeon)
 E - a +0 scimitar (weapon)
   (You took it off an orc warrior on level 9 of the Dungeon)
Missiles
 o - a throwing net {=f, !d}
 y - a tomahawk of dispersal {=f}
Armour
 l - a +0 cloak (melded)
   (You found it on level 2 of the Dungeon)
 A - a +0 chain mail
   (You found it on level 4 of the Dungeon)
 F - a +1 pair of boots (melded)
   (You found it on level 5 of the Dungeon)
 I - a scarf of cloud immunity
   (You found it on level 6 of the Dungeon)
 M - a +4 chain mail (melded)
   (You took it off an orc on level 9 of the Dungeon)
Jewellery
 e - an uncursed ring of protection from cold {rC+, !d}
   (You found it on level 6 of the Dungeon)
 s - a ring of poison resistance (left branch) {rPois, !d}
   (You found it on level 3 of the Dungeon)
 u - an amulet of faith (around neck) {Faith, !P}
   (You bought it in a shop on level 4 of the Dungeon)
 z - a +4 ring of dexterity (right branch)
   (You found it on level 4 of the Dungeon)
 H - an uncursed ring of ice {rC+, rF-}
   (You took it off an orc on level 6 of the Dungeon)
Wands
 h - a wand of acid (9)
   (You found it on level 7 of the Dungeon)
 x - a wand of disintegration (13) {@e1}
   (You found it on level 9 of the Dungeon)
 L - a wand of flame (22)
   (You took it off Grum on level 9 of the Dungeon)
Scrolls
 a - 2 scrolls of summoning
 g - 2 scrolls of fear
 j - a scroll of enchant armour
 k - 7 scrolls of identify
 p - 7 scrolls of remove curse
 r - 2 scrolls of blinking {!r}
 v - a scroll of immolation {unknown}
 B - a scroll of acquirement {unknown}
 J - 2 scrolls of teleportation
Potions
 d - 3 potions of degeneration {@e1!q}
 f - 4 potions of mutation {!q}
 i - 3 potions of berserk rage {unknown}
 m - 3 potions of haste {unknown}
 n - a potion of might {unknown}
 q - 2 potions of curing {unknown}
 t - 3 potions of lignification {!q}
 w - a potion of agility {unknown}
 C - a potion of heal wounds {unknown}
 D - a potion of resistance {unknown}
 G - a potion of invisibility {unknown}
Comestibles
 c - 16 rations {@e1}
 K - 2 chunks of flesh {@w0}


   Skills:
 + Level 9.7 Fighting
 * Level 12.8 Long Blades
 + Level 9.3 Armour
 + Level 8.5 Dodging


You had 9 spell levels left.
You didn't know any spells.
Your spell library was empty.

Dungeon Overview and Level Annotations

Branches:
Dungeon (10/15)            Temple (0/1) D:5             Orc (0/2) D:9
   Lair: D:8-11

Altars:
Dithmenos
Gozag
Kikubaaqudgha
Makhleb
Nemelex Xobeh
Okawaru
Ru
Sif Muna
Uskayaw
Wu Jian

Shops:
D:4 =   D:8 ((!?

Annotations:
D:10 Urug


Innate Abilities, Weirdness & Mutations

((You reflexively headbutt those who attack you in melee.))
((You have a pair of horns on your head.))


Message History

You closely miss the hornet. The hornet closely misses you.
You furiously retaliate!
You headbutt the hornet, but do no damage.
The hornet stings you but does no damage.
You hit the hornet. The hornet stings you.
You feel yourself slow down.
You take 6 damage, and have 77/92 hp.
You feel yourself speed up. The hornet stings you.
You feel yourself slow down.
The hornet stings you but does no damage.
You take 6 damage, and have 71/92 hp.
You closely miss the hornet. The hornet closely misses you.
You riposte.
Your chain mail prevents you from hitting the hornet.
You slash the hornet! You headbutt the hornet!
The hornet stings you but does no damage.
The hornet stings you.
You are poisoned.
You suddenly lose the ability to move!
You feel sick. The hornet stings you.
The hornet stings you but does no damage.
You can move again.
You take 9 damage, and have 63/92 hp.
Your chain mail prevents you from hitting the hornet.
You feel yourself speed up.
You feel sick. The hornet stings you.
You feel yourself slow down. The hornet stings you.
You feel as though you will be slow longer.
You take 10 damage, and have 53/92 hp.
You miss the hornet.
You feel sick.
The hornet stings you but does no damage.
You take 1 damage, and have 52/92 hp.
You hit the hornet but do no damage. Your headbutt misses the hornet.
You feel sick. The hornet stings you.
The hornet stings you but does no damage.
You take 2 damage, and have 50/92 hp.
You hit the hornet.
You kill the hornet!
Trog accepts your kill.
It was a potion of degeneration.
There was something very wrong with that liquid.
You feel weakened.
You feel dopey.
You feel clumsy.
You feel yourself speed up.
You feel sick.
A hound comes into view.
Urug throws a javelin.
The javelin hits you but does no damage.
Urug throws a javelin.
The javelin barely misses you.
The javelin hits the hound!
It was a potion of lignification.
You turn into a tree.
Your +0 cloak melds into your body.
Your +1 pair of boots melds into your body.
Your +4 chain mail melds into your body.
Your roots penetrate the ground.
You feel sick.
Urug throws a javelin.
The javelin hits you!
You now have 66/138 hp.
You cannot move.
Urug throws a javelin.
The javelin hits you.
You take 2 damage, and have 64/138 hp.
Urug throws a javelin.
The javelin hits you.
You take 5 damage, and have 59/138 hp.
You feel sick.
You take 1 damage, and have 58/138 hp.
You barely miss Urug. You hit Urug but do no damage.
Urug hits you with an eveningstar of flaming.
Urug burns you.
You take 4 damage, and have 54/138 hp.
You hit Urug.
You feel sick. Urug hits you but does no damage.
You take 1 damage, and have 53/138 hp.
You closely miss Urug. You hit Urug but do no damage.
Urug hits you with an eveningstar of flaming!!
* * * LOW HITPOINT WARNING * * *
Urug burns you.
* * * LOW HITPOINT WARNING * * *
You take 22 damage, and have 31/138 hp.
You hit Urug. Urug barely misses you.
You slice Urug!!
You feel sick.
You take 1 damage, and have 31/138 hp.
You barely miss Urug. Urug barely misses you.
You riposte.
You closely miss Urug. You hit Urug. You hit Urug but do no damage.
Urug hits you but does no damage.
You hit Urug.
Urug hits you with an eveningstar of flaming!
* * * LOW HITPOINT WARNING * * *
Urug burns you.
* * * LOW HITPOINT WARNING * * *
You take 11 damage, and have 21/138 hp.
You hit Urug.
You feel sick.
You take 1 damage, and have 20/138 hp.
You barely miss Urug.
Urug hits you with an eveningstar of flaming!!
* * * LOW HITPOINT WARNING * * *
Urug burns you!
You die...

.#+#####.........
#.o..#### #...>#
#....# #######...o#
...........#
+##......o.# .#
#.......o#####...#
#......oooo♣.....#
#......########..#
#......'......#
#......#......#
#......#......####
........#.........#
.........#.........#
#####....#.........#
#....#.........#####


You could see Urug, an orc warrior and 3 orcs.

Vanquished Creatures
  A hornet (D:10)
  Sigmund (D:6)
  A human (D:8)
  The ghost of Nishaj the Skirmisher, an amateur HOFi of Beogh (D:4)
  Grum (D:9)
  4 hogs (D:8)
  A warg (D:9)
  3 water moccasins
  4 ice beasts
  9 orc warriors
  Duvessa (D:7)
  A phantom (D:8)
  A sky beast (D:6)
  A hornet zombie (D:8)
  A black bear (D:6)
  A necrophage (D:8)
  8 ogres
  2 wolves (D:9)
  4 centaurs
  A crocodile (D:8)
  2 big kobolds (D:8)
  4 bullfrogs
  Dowan (D:7)
  2 scorpions
  5 killer bees
  2 howler monkeys
  4 crimson imps
  2 bullfrog zombies
  2 jellies (D:7)
  A bullfrog skeleton (D:8)
  6 hounds
  A gnoll shaman (D:9)
  A centaur skeleton (D:4)
  10 orc priests
  An iguana (D:8)
  8 orc wizards
  5 worker ants
  A killer bee zombie (D:7)
  A hound skeleton (D:6)
  2 worker ant zombies
  6 gnolls
  3 howler monkey skeletons
  11 adders
  A shadow imp (D:6)
  5 worms
  4 dart slugs
  9 leopard geckos
  66 orcs
  A ball python (D:7)
  7 bats
  7 giant cockroaches
  12 goblins
  8 hobgoblins
  7 jackals
  2 quokkas
  5 frilled lizards
  16 kobolds
  2 leopard gecko skeletons (D:5)
  A leopard gecko zombie (D:5)
  5 rats
286 creatures vanquished.

Notes
Turn   | Place    | Note
-------+----------+-------------------------------------------
     0 | D:1      | Firecrotchwizard the Minotaur Berserker began the quest for the Orb.
     0 | D:1      | Reached XP level 1. HP: 19/19 MP: 0/0
   198 | D:1      | Reached XP level 2. HP: 27/27 MP: 1/1
   220 | D:1      | Reached skill level 4 in Long Blades
   421 | D:1      | Reached skill level 4 in Fighting
   421 | D:1      | Reached XP level 3. HP: 17/33 MP: 2/2
   744 | D:1      | Reached ** piety under Trog
   744 | D:1      | Reached skill level 3 in Armour
  1388 | D:2      | Reached XP level 4. HP: 35/40 MP: 3/3
  1402 | D:2      | Found an ornate altar of the Wu Jian Council.
  1414 | D:2      | Reached skill level 3 in Dodging
  2457 | D:3      | Reached skill level 5 in Long Blades
  2507 | D:3      | Reached XP level 5. HP: 44/47 MP: 4/4
  2964 | D:3      | Reached *** piety under Trog
  3276 | D:4      | Reached skill level 4 in Armour
  3276 | D:4      | Reached XP level 6. HP: 51/55 MP: 5/5
  3283 | D:4      | Reached skill level 6 in Long Blades
  3331 | D:4      | Found an iron altar of Okawaru.
  3416 | D:4      | Noticed Nishaj's ghost (amateur HOFi)
  3417 | D:4      | Reached skill level 5 in Fighting
  3421 | D:4      | Reached skill level 4 in Dodging
  3427 | D:4      | Killed Nishaj's ghost
  3427 | D:4      | Reached XP level 7. HP: 53/61 MP: 6/6
  3943 | D:4      | Reached skill level 7 in Long Blades
  4349 | D:4      | Found Saniegay's Jewellery Emporium.
  4492 | D:5      | Entered Level 5 of the Dungeon
  4558 | D:5      | Found a staircase to the Ecumenical Temple.
  4623 | D:5      | Reached skill level 5 in Armour
  4681 | D:5      | Found a sacrificial altar of Ru.
  4943 | D:5      | Reached skill level 6 in Fighting
  4970 | D:5      | Reached XP level 8. HP: 59/70 MP: 7/7
  5071 | D:5      | Found a deep blue altar of Sif Muna.
  5094 | D:5      | Reached skill level 8 in Long Blades
  5094 | D:5      | Reached skill level 5 in Dodging
  5274 | D:6      | Reached **** piety under Trog
  5443 | D:6      | Found an ancient bone altar of Kikubaaqudgha.
  5445 | D:6      | Noticed Sigmund
  5451 | D:6      | Reached skill level 6 in Armour
  5463 | D:6      | Killed Sigmund
  5463 | D:6      | Reached skill level 9 in Long Blades
  5505 | D:6      | Reached skill level 7 in Fighting
  5686 | D:6      | Reached skill level 6 in Dodging
  5896 | D:6      | Reached XP level 9. HP: 79/79 MP: 8/8
  5913 | D:6      | Found a sparkling altar of Nemelex Xobeh.
  6295 | D:7      | Reached skill level 7 in Armour
  6343 | D:7      | Reached skill level 10 in Long Blades
  6786 | D:7      | Noticed Dowan
  6786 | D:7      | Noticed Duvessa
  6795 | D:7      | Killed Dowan
  6806 | D:7      | Killed Duvessa
  6886 | D:7      | Reached skill level 8 in Fighting
  6968 | D:8      | Found a burning altar of Makhleb.
  7010 | D:8      | Reached ***** piety under Trog
  7010 | D:8      | Reached skill level 7 in Dodging
  7266 | D:8      | Reached skill level 11 in Long Blades
  7280 | D:8      | Reached skill level 8 in Armour
  7539 | D:8      | Reached XP level 10. HP: 87/90 MP: 9/9
  7614 | D:8      | Found Fyitam's Magic Scroll Shoppe.
  7746 | D:4      | Bought an uncursed amulet of faith for 480 gold pieces
  7869 | D:8      | Found Juseb's Antique Weapon Emporium.
  7925 | D:8      | Found Jishoi's Distillery.
  8054 | D:8      | Found Acysoo's Antique Weapon Shoppe.
  8287 | D:8      | Received a gift from Trog
  8297 | D:8      | Reached skill level 9 in Fighting
  8524 | D:9      | Reached skill level 12 in Long Blades
  8536 | D:9      | Found a staircase to the Orcish Mines.
  8556 | D:9      | Reached skill level 8 in Dodging
  8974 | D:9      | Reached skill level 9 in Armour
  9311 | D:9      | Noticed Grum
  9316 | D:9      | Found an opulent altar of Gozag.
  9330 | D:9      | Killed Grum
  9694 | D:9      | Found a hide-covered altar of Uskayaw.
  9699 | D:9      | Found a shadowy altar of Dithmenos.
  9902 | D:10     | Entered Level 10 of the Dungeon
  9954 | D:10     | Noticed Urug
  9971 | D:10     | Paralysed by a hornet for 2 turns
  9986 | D:10     | HP: 34/138 [Urug/eveningstar of flaming (19)]
  9992 | D:10     | HP: 25/138 [Urug/eveningstar of flaming (7)]
  9994 | D:10     | HP: 1/138 [Urug/eveningstar of flaming (19)]
  9994 | D:10     | Mangled by Urug

Vault maps used:
D:1:      noname_arrival_rooms_in_the_neighbourhood, serial_bayou_ford_a
D:2:      overflow_temple_1_default, minmay_pentomino_o2
D:4:      nicolae_overflow_hidden_temple, serial_shops, nicolae_shop_stone
D:5:      nicolae_ru_path_of_blood, minmay_temple_entry_purple_smoke,
          first_ration, hangedman_decor_opposing, led_sif_pool
D:6:      overflow_temple_1_default, nemelex_xobeh_ov_fountains_minmay,
          uniq_sigmund
D:7:      uniq_duvessa
D:8:      overflow_temple_1_default, serial_shops, kennysheep_mini,
          nicolae_shop_temple_entry_statues_fountains, nicolae_shop_crystal,
          shop_fountains, kennysheep_pointless_box, grunt_livestock
D:9:      grunt_temple_overflow_open, david_orc_1_choice, special_room,
          serial_corexii_hall, corexii_hall_statues_l, corexii_hall_statues_x,
          uniq_grum
D:10:     uniq_urug

Skill      XL: |  1  2  3  4  5  6  7  8  9 10 |
---------------+-------------------------------+-----
Long Blades    | 4 5 6 7 9 11 12 | 12.8
Fighting       | 4 5 6 7 8 9 |  9.7
Armour         | 3 4 5 6 8 9 |  9.3
Dodging        | 3 4 6 7 8 |  8.5

Action                   |  1- 3 |  4- 6 |  7- 9 | 10-12 || total
-------------------------+-------+-------+-------+-------++-------
Melee: Falchion          |    70 |   113 |       |       ||   183
       Headbutt          |    10 |    31 |    97 |    56 ||   194
       Long sword        |       |    30 |   351 |   104 ||   485
       Scimitar          |       |       |       |   103 ||   103
Invok: Berserk           |       |     2 |     1 |     2 ||     5
       Trog's Hand       |       |     1 |     2 |       ||     3
  Use: Scroll            |       |       |    11 |       ||    11
       Potion            |       |       |       |     2 ||     2
  Eat: Chunk             |     2 |     7 |    15 |     8 ||    32
       Ration            |       |       |     1 |       ||     1
Armor: Animal skin       |     9 |     6 |       |       ||    15
       Ring mail         |       |    33 |     8 |       ||    41
       Chain mail        |       |       |   169 |    64 ||   233
       Skin              |       |       |       |     2 ||     2
Dodge: Dodged            |    56 |    82 |   179 |   117 ||   434
       Rpst.: Falchion   |    15 |    22 |       |       ||    37
       Long sword        |       |     5 |    49 |    17 ||    71
       Scimitar          |       |       |       |    14 ||    14

Table legend:
 A = Spawn XP
 B = Non-spawn XP
 C = Spawn XP percentage of total XP
 D = Spawn monster count
 E = Non-spawn monster count
 F = Spawn count percentage of total count
 G = Total turns spent on level
                    A         B        C        D         E        F      G
               +---------+---------+-------+---------+---------+-------+---------
         Total |       0 |   10360 |   0.0 |       0 |     286 |   0.0 |  9994
               +---------+---------+-------+---------+---------+-------+---------
           D:1 |       0 |      76 |   0.0 |       0 |      32 |   0.0 |  1298
           D:2 |       0 |      71 |   0.0 |       0 |      15 |   0.0 |  1148
           D:3 |       0 |     212 |   0.0 |       0 |      35 |   0.0 |   787
           D:4 |       0 |     561 |   0.0 |       0 |      20 |   0.0 |  1318
           D:5 |       0 |     622 |   0.0 |       0 |      17 |   0.0 |   799
           D:6 |       0 |    1546 |   0.0 |       0 |      32 |   0.0 |  1044
           D:7 |       0 |    1083 |   0.0 |       0 |      26 |   0.0 |  1140
           D:8 |       0 |    3094 |   0.0 |       0 |      51 |   0.0 |   910
           D:9 |       0 |    2797 |   0.0 |       0 |      57 |   0.0 |  1458
          D:10 |       0 |     298 |   0.0 |       0 |       1 |   0.0 |    92
               +---------+---------+-------+---------+---------+-------+---------

Vault maps used:
D:1:      noname_arrival_rooms_in_the_neighbourhood, serial_bayou_ford_a
D:2:      overflow_temple_1_default, minmay_pentomino_o2
D:4:      nicolae_overflow_hidden_temple, serial_shops, nicolae_shop_stone
D:5:      nicolae_ru_path_of_blood, minmay_temple_entry_purple_smoke,
          first_ration, hangedman_decor_opposing, led_sif_pool
D:6:      overflow_temple_1_default, nemelex_xobeh_ov_fountains_minmay,
          uniq_sigmund
D:7:      uniq_duvessa
D:8:      overflow_temple_1_default, serial_shops, kennysheep_mini,
          nicolae_shop_temple_entry_statues_fountains, nicolae_shop_crystal,
          shop_fountains, kennysheep_pointless_box, grunt_livestock
D:9:      grunt_temple_overflow_open, david_orc_1_choice, special_room,
          serial_corexii_hall, corexii_hall_statues_l, corexii_hall_statues_x,
          uniq_grum
D:10:     uniq_urug

Table legend:
 A = Turns spent in this place as a percentage of turns spent in the entire game.
 B = Non-inter-level travel turns spent in this place as a percentage of non-inter-level travel turns spent in the entire game.
 C = Inter-level travel turns spent in this place as a percentage of turns spent in this place.
 D = Turns resting spent in this place as a percentage of non-inter-level travel turns spent in this place.
 E = Turns spent auto-exploring this place as a percentage of non-inter-level travel turns spent in this place.
 F = Non-inter-level travel turns spent in this place divided by the number of levels of this place that you've seen.
                   A       B       C       D       E      F
               +-------+-------+-------+-------+-------+----------------------
         Total | 100.0 | 100.0 |   5.2 |  27.9 |  54.6 | 947.0
       Dungeon | 100.0 | 100.0 |   5.2 |  27.9 |  54.6 | 947.0
               +-------+-------+-------+-------+-------+----------------------

Table legend:
 A = Kills in this place as a percentage of kills in entire the game.
 B = Kills by you in this place as a percentage of kills by you in the entire game.
 C = Kills by friends in this place as a percentage of kills by friends in the entire game.
 D = Other kills in this place as a percentage of other kills in the entire game.
 E = Experience gained in this place as a percentage of experience gained in the entire game.
 F = Experience gained in this place divided by the number of levels of this place that you have seen.
                   A       B       C       D       E      F
               +-------+-------+-------+-------+-------+----------------------
         Total | 100.0 | 100.0 |   N/A |   N/A | 100.0 | 1036.0
       Dungeon | 100.0 | 100.0 |   N/A |   N/A | 100.0 | 1036.0
               +-------+-------+-------+-------+-------+----------------------
